 Dungeon Crawl Stone Soup version 0.21.1-1-g345015f (webtiles) character file.

22563 infcreate the Severer (level 12, -3/110 HPs)
             Began as a Minotaur Fighter on May 28, 2018.
             Was a High Priest of Trog.
             Killed by drain life
             ... invoked by a soul eater
             ... summoned by Frances
              (14 damage)
             ... on level 12 of the Dungeon.
             The game lasted 00:53:35 (10411 turns).

infcreate the Severer (Minotaur Fighter)           Turns: 10411, Time: 00:53:35

Health: -3/110     AC: 17    Str: 25    XL:     12   Next: 64%
Magic:  11/11      EV:  7    Int:  8    God:    Trog [*****.]
Gold:   640        SH: 12    Dex: 13    Spells: 11/11 levels left

rFire    . . .     SeeInvis .   a - +1 war axe
rCold    . . .     Gourm    .   c - +0 shield
rNeg     . . .     Faith    .   M - +0 storm dragon scales
rPois    .         Spirit   .   L - +0 hat {Int+3}
rElec    +         Reflect  .   (no cloak)
rCorr    .         Harm     .   H - +0 pair of gloves
MR       .....                  O - +0 pair of boots
Stlth    ..........             B - amulet of regeneration
HPRegen  0.68/turn              v - ring of flight
MPRegen  0.12/turn              n - +2 ring of dexterity

@: berserk cooldown, slowed, heavily drained, very slow
A: retaliatory headbutt, horns 2
a: Berserk, Trog's Hand, Brothers in Arms, Burn Spellbooks, Renounce Religion,
Evoke Flight


You were on level 12 of the Dungeon.
You worshipped Trog.
Trog was extremely pleased with you.
You were not hungry.

You visited 2 branches of the dungeon, and saw 13 of its levels.

You collected 640 gold pieces.

Inventory:

Hand Weapons
 a - a +1 war axe (weapon)
Armour
 c - a +0 shield (worn)
 H - a +0 pair of gloves (worn)
 L - a +0 hat of intelligence (worn)
 M - +0 storm dragon scales (worn)
 O - a +0 pair of boots (worn)
Jewellery
 n - a +2 ring of dexterity (right hand)
 v - a ring of flight (left hand)
 B - an amulet of regeneration (around neck)
 J - an uncursed ring of protection from fire
Wands
 s - a wand of digging (7)
 C - a wand of iceblast (16)
Scrolls
 b - 2 scrolls of enchant armour
 e - 4 scrolls of teleportation
 i - 6 scrolls of identify
 k - 4 scrolls of amnesia
 l - 2 scrolls of immolation
 o - a scroll of fog
 p - 2 scrolls of fear
 q - 2 scrolls of enchant weapon
 t - 2 scrolls of remove curse
 w - a scroll of magic mapping {unknown}
Potions
 d - 6 potions of might
 g - 4 potions of lignification
 h - a potion of brilliance
 j - 2 potions of invisibility
 m - 4 potions of curing
 r - a potion of ambrosia
 u - a potion of cancellation
 x - 2 potions of heal wounds
 z - 4 potions of resistance
 A - a potion of mutation
 E - 3 potions of agility {unknown}
 F - a potion of haste {unknown}
 I - a potion of flight {unknown}
 K - a potion of magic {unknown}
Books
 G - a book of Minor Magic

   Spells                             Type                      Level
   a - Magic Dart                     Conjuration                  1
   b - Blink                          Translocation                2
   c - Call Imp                       Summoning                    2
   d - Slow                           Hexes                        2
   e - Conjure Flame                  Conjuration/Fire             3
   f - Mephitic Cloud                 Conjuration/Poison/Air       3
   Trog disapproves of the use of such an item.
Comestibles
 f - 18 rations


   Skills:
 + Level 11.6(10.1) Fighting
 + Level 15.8(14.1) Axes
 + Level 11.5(9.9) Armour
 + Level 11.9(10.4) Shields


You had 11 spell levels left.
You didn't know any spells.

Dungeon Overview and Level Annotations

Branches:
Dungeon (12/15)            Temple (0/1) D:5            Lair (1/6) D:10
    Orc: D:9-12

Altars:
Ashenzari
Dithmenos
Hepliaklqana
Makhleb
Okawaru
Trog
Zin

Annotations:
D:12 Frances


Innate Abilities, Weirdness & Mutations

You reflexively headbutt those who attack you in melee.
You have a pair of horns on your head.


Message History

A large slime creature splits.
Your storm dragon scales prevents you from hitting the slime creature.
You kill the slime creature!
Trog accepts your kill.
You barely miss the soul eater. You closely miss the soul eater.
You slash the slime creature!
You kill the slime creature!
Trog accepts your kill.
You are no longer berserk.
You are exhausted.
You feel yourself slow down.
The soul eater draws from the surrounding life force!
* * * LOW HITPOINT WARNING * * *
The soul eater is healed.
You barely miss Frances. You headbutt Frances, but do no damage.
You hit the soul eater.
You hit the soul eater but do no damage.
Frances hits you but does no damage.
The soul eater draws from the surrounding life force!
You die...

....# #.##..# ....#
#.##..# ....# #.##..#
....####)##..#
....JJo......# ###
##...J##)#.#.# #.#
...........#.###.#
##)...##.#....o33######
#<....##.#...4J@@.....#
))รท........#..##.######
z.....##......##.#
......##.#....##.#
...#############.# ..##
### ..>. ..##.# ..# #


You could see Frances, a slime creature, 2 soul eaters, a rust devil and an orc.

Vanquished Creatures
  Gastronok (D:10)
  Snorg (D:10)
  Azrael (D:12)
  6 two-headed ogres
  A skeletal warrior (D:12)
  An unseen horror (D:10)
  An ugly thing (D:11)
  12 slime creatures
  A cyclops (D:11)
  A black mamba (Lair:1)
  An elephant (D:10)
  Joseph (D:7)
  Maurice (D:10)
  Psyche (D:9)
  A spiny frog (Lair:1)
  A troll (D:11)
  2 hornets
  A hippogriff (D:10)
  Eustachio (D:4)
  A wyvern (D:11)
  9 yaks
  A basilisk (D:10)
  A hungry ghost (D:8)
  4 fire elementals
  2 porcupines (Lair:1)
  2 eyes of draining
  An ice beast (D:6)
  2 necrophages
  5 orc warriors
  A sky beast (D:9)
  2 phantoms
  5 ogres
  4 wolves (Lair:1)
  2 centaurs
  6 crocodiles
  2 big kobolds
  Blork the orc (D:5)
  A wyvern zombie (D:7)
  4 bullfrogs
  A water moccasin zombie (D:9)
  3 scorpions
  7 killer bees
  3 electric eels (Lair:1)
  A howler monkey (D:6)
  5 crimson imps
  2 quasits
  5 hounds
  2 bullfrog skeletons
  9 orc priests
  A centaur skeleton (D:6)
  2 jellies
  3 iron imps (D:3)
  2 iguanas
  9 orc wizards
  Ijyb (D:2)
  12 worker ants
  A killer bee zombie (D:9)
  A hound zombie (D:6)
  2 hound skeletons (D:8)
  A worker ant zombie (D:11)
  15 gnolls
  14 adders
  4 shadow imps
  4 oozes
  An adder zombie (D:9)
  3 adder skeletons
  2 dart slugs
  6 leopard geckos
  35 orcs
  5 bats (D:1)
  7 giant cockroaches
  16 goblins
  9 hobgoblins
  23 jackals
  7 quokkas
  7 frilled lizards
  A jackal skeleton (D:5)
  18 kobolds
  2 quokka zombies
  6 rats
350 creatures vanquished.

Vanquished Creatures (others)
  Erolcha (D:11)
  3 orcs (D:12)
  2 fungi (Lair:1)
  2 plants (D:8)
8 creatures vanquished.

Grand Total: 358 creatures vanquished

Notes
Turn   | Place    | Note
-------+----------+-------------------------------------------
     0 | D:1      | infcreate the Minotaur Fighter began the quest for the Orb.
     0 | D:1      | Reached XP level 1. HP: 19/19 MP: 0/0
   124 | D:1      | Reached XP level 2. HP: 25/27 MP: 1/1
   457 | D:1      | Reached XP level 3. HP: 33/33 MP: 2/2
   719 | D:2      | Reached skill level 3 in Axes
   725 | D:2      | Reached XP level 4. HP: 40/40 MP: 3/3
  1142 | D:2      | Noticed Ijyb
  1276 | D:2      | Killed Ijyb
  1276 | D:2      | Reached skill level 4 in Axes
  1373 | D:3      | Reached XP level 5. HP: 46/46 MP: 4/4
  1607 | D:3      | Reached skill level 5 in Shields
  2127 | D:3      | Found a burning altar of Makhleb.
  2153 | D:3      | Reached skill level 5 in Axes
  2153 | D:3      | Reached XP level 6. HP: 51/53 MP: 5/5
  2401 | D:4      | Noticed Eustachio
  2459 | D:4      | Killed Eustachio
  2459 | D:4      | Reached skill level 5 in Armour
  2598 | D:4      | Reached skill level 5 in Fighting
  2598 | D:4      | Reached skill level 6 in Axes
  2649 | D:4      | Reached XP level 7. HP: 55/61 MP: 6/6
  2982 | D:4      | Found a bloodstained altar of Trog.
  2986 | D:4      | Became a worshipper of Trog the Wrathful
  3050 | D:5      | Entered Level 5 of the Dungeon
  3076 | D:5      | Noticed Blork the orc
  3077 | D:5      | Found a staircase to the Ecumenical Temple.
  3090 | D:5      | Killed Blork the orc
  3090 | D:5      | Reached skill level 7 in Axes
  3160 | D:5      | Noticed a hornet
  3166 | D:5      | Killed a hornet
  3166 | D:5      | Reached XP level 8. HP: 38/70 MP: 7/7
  3337 | D:5      | Reached skill level 8 in Axes
  4001 | D:6      | Reached * piety under Trog
  4001 | D:6      | Reached skill level 9 in Axes
  4128 | D:6      | Identified the +0 ring mail of Yesterday {rC+ rCorr Stlth-} (You found it on level 6 of the Dungeon)
  4460 | D:7      | Reached XP level 9. HP: 78/78 MP: 8/8
  4494 | D:7      | Reached ** piety under Trog
  4505 | D:7      | Reached skill level 10 in Axes
  4899 | D:7      | Noticed Joseph
  4960 | D:7      | Killed Joseph
  5488 | D:8      | Noticed a two-headed ogre
  5498 | D:8      | Killed a two-headed ogre
  5498 | D:8      | Reached skill level 11 in Axes
  5704 | D:8      | Noticed a two-headed ogre
  5720 | D:8      | Killed a two-headed ogre
  5720 | D:8      | Reached skill level 12 in Axes
  5720 | D:8      | Reached XP level 10. HP: 21/89 MP: 9/9
  6224 | D:8      | Reached *** piety under Trog
  6693 | D:9      | Found a shadowy altar of Dithmenos.
  6731 | D:9      | Found a hazy altar of Hepliaklqana.
  6752 | D:9      | Found an iron altar of Okawaru.
  7034 | D:9      | Reached skill level 13 in Axes
  7145 | D:9      | Reached **** piety under Trog
  7173 | D:9      | Found a glowing silver altar of Zin.
  7202 | D:9      | Noticed Psyche
  7214 | D:9      | Killed Psyche
  7339 | D:10     | Entered Level 10 of the Dungeon
  7420 | D:10     | Noticed Maurice
  7462 | D:10     | Noticed a two-headed ogre
  7471 | D:10     | Killed a two-headed ogre
  7471 | D:10     | Reached XP level 11. HP: 97/97 MP: 10/10
  7477 | D:10     | Killed Maurice
  7513 | D:10     | Noticed a two-headed ogre
  7528 | D:10     | Killed an unseen horror
  7528 | D:10     | Reached skill level 10 in Shields
  7532 | D:10     | Killed a two-headed ogre
  7792 | D:10     | Noticed Gastronok
  7803 | D:10     | Killed Gastronok
  7803 | D:10     | Reached skill level 10 in Fighting
  7803 | D:10     | Reached skill level 14 in Axes
  7869 | D:10     | Noticed a two-headed ogre
  7971 | D:10     | Killed a two-headed ogre
  8019 | D:10     | Found a staircase to the Lair.
  8023 | D:10     | Noticed Snorg
  8050 | D:10     | Reached skill level 10 in Armour
  8059 | D:10     | Killed Snorg
  8365 | Lair:1   | Entered Level 1 of the Lair of Beasts
  8652 | Lair:1   | Reached ***** piety under Trog
  8739 | Lair:1   | Reached XP level 12. HP: 84/108 MP: 11/11
  9203 | D:11     | Found a shattered altar of Ashenzari.
  9211 | D:11     | Found a shadowy altar of Dithmenos.
  9313 | D:11     | Reached skill level 15 in Axes
  9431 | D:11     | Noticed a two-headed ogre
  9442 | D:11     | Killed a two-headed ogre
  9871 | D:12     | Noticed Azrael
  9871 | D:12     | Noticed Erolcha
  9887 | D:11     | Killed Erolcha
 10185 | D:12     | Killed Azrael
 10378 | D:12     | Noticed Frances
 10411 | D:12     | Killed from afar by a soul eater

Skill      XL: |  1  2  3  4  5  6  7  8  9 10 11 12 |
---------------+-------------------------------------+-----
Shields        | 4 5 6 7 8 9 11 | 11.9
Armour         | 4 5 6 8 9 10 11 | 11.5
Fighting       | 4 5 6 8 9 10 11 | 11.6
Axes           | 3 4 5 6 7 9 12 13 14 15 | 15.8

Action                   |  1- 3 |  4- 6 |  7- 9 | 10-12 || total
-------------------------+-------+-------+-------+-------++-------
Melee: War axe           |    81 |   187 |   357 |   545 ||  1170
       Headbutt          |     4 |    23 |    69 |   151 ||   247
       Unarmed           |       |       |       |     4 ||     4
Invok: Burn Spellbooks   |       |       |     2 |       ||     2
       Berserk           |       |       |     3 |     8 ||    11
       Trog's Hand       |       |       |     1 |       ||     1
  Use: Scroll            |       |       |     8 |    14 ||    22
       Potion            |       |       |     3 |     2 ||     5
  Eat: Chunk             |       |     6 |    14 |    19 ||    39
       Ration            |       |       |     1 |     1 ||     2
Armor: Scale mail        |    49 |       |       |       ||    49
       Chain mail        |       |   120 |   105 |       ||   225
       Plate armour      |       |       |    31 |   169 ||   200
       Skin              |       |       |    12 |       ||    12
       Storm dragon scal |       |       |       |    77 ||    77
Dodge: Dodged            |    40 |    52 |    57 |    90 ||   239
Block: Shield            |    47 |   120 |   170 |   300 ||   637
